 Dungeon Crawl Stone Soup version 0.31-a0-640-g39d97e502b (webtiles) character file.

Game seed: 16021316258541742088

1395 qw the Skirmisher (level 8, 0/51 HPs)
             Began as a Gargoyle Hunter on Aug 27, 2023.
             Was a Follower of Okawaru.
             Killed from afar by Pikel (15 damage)
             ... with a bolt of dispelling energy
             ... on level 6 of the Dungeon.
             The game lasted 00:01:58 (4608 turns).

qw the Skirmisher (Gargoyle Hunter)                 Turns: 4608, Time: 00:01:59

Health: 0/51       AC: 11    Str: 15    XL:     8   Next: 68%
Magic:  10/11      EV: 15    Int: 10    God:    Okawaru [*.....]
Gold:   158        SH:  5    Dex: 15    Spells: 7/7 levels left

rFire   . . .        Y - +5 shortbow (drain)
rCold   . . .        (shield currently unavailable)
rNeg    + . .        b - +2 robe {Will+}
rPois   inf          (no helmet)
rElec   +            (no cloak)
rCorr   .            (no gloves)
SInv    .            l - +0 pair of boots
Will    +....        f - amulet of reflection
Stlth   +++          (no ring)
HPRegen 0.28/turn    (no ring)
MPRegen 0.12/turn

%: reflection
@: heroic
A: sickness immunity, AC +5, negative energy resistance 1, electricity
resistance, torment resistance 1, petrification resistance
a: Renounce Religion, Heroism


You were on level 6 of the Dungeon.
You worshipped Okawaru.
Okawaru was aware of your devotion.
You visited 1 branch of the dungeon, and saw 6 of its levels.

You collected 262 gold pieces.
You spent 104 gold pieces at shops.


Innate Abilities, Weirdness & Mutations

You are immune to sickness and miasma.
Your stone body is resilient. (AC +5)
You are immune to poison.
You resist negative energy. (rN+)
You are resistant to electric shocks. (rElec)
You are resistant to unholy torment.
You are immune to petrification.


   Skills:
 + Level 5.7(10.7) Fighting
 - Level 9.0(14.0) Ranged Weapons
 - Level 1.0(6.0) Armour
 - Level 2.1(7.1) Dodging
 - Level 1.1(6.1) Stealth
 - Level 4.0 Invocations


You had 7 spell levels left.
You didn't know any spells.
Your spell library was empty.

Inventory:

Hand Weapons
 Y - a +5 shortbow of draining (weapon)
Armour
 b - a +2 robe of willpower (worn)
 l - a +0 pair of boots (worn)
Jewellery
 f - an amulet of reflection (around neck)
Scrolls
 a - a scroll of identify
Potions
 c - a potion of curing
 d - a potion of magic
 e - a potion of might
 g - 2 potions of resistance
 h - a potion of enlightenment
 i - a potion of degeneration {unknown}
 k - 2 potions of mutation

Dungeon Overview and Level Annotations

Branches:
Dungeon (6/15)
 Temple: D:4-7

Altars:
Ashenzari
Makhleb
Okawaru
Wu Jian

Shops:
D:2 (   D:4 *

Annotations:
D:6 Pikel


Message History

You shoot an arrow. The arrow closely misses the lemure.
The lemure shouts!
Enter note:
Enter note:
4599 ||| RETREATING.
4600 ||| INVOKING Heroism.
You gain the combat prowess of a mighty hero.
Pikel zaps a wand.
The bolt of dispelling energy misses you.
Enter note:
Enter note:
4601 ||| Stepping ~*~*~tactically~*~*~ (retreating).
Pikel zaps a wand.
The bolt of dispelling energy hits you! The lemure attacks as it pursues you!
The lemure hits you but does no damage.
You see here an adder skeleton.
Enter note:
4602 ||| Stepping ~*~*~tactically~*~*~ (retreating).
Pikel barely misses you.
Enter note:
4603 ||| Stepping ~*~*~tactically~*~*~ (retreating).
Pikel cracks his whip.
You block Pikel's attack. The lemure attacks as it pursues you!
The lemure hits you but does no damage.
Enter note:
4604 ||| Stepping ~*~*~tactically~*~*~ (retreating).
Pikel hits you with a +0 whip of electrocution!
Enter note:
4605 ||| Stepping ~*~*~tactically~*~*~ (retreating).
Pikel zaps a wand.
The bolt of dispelling energy hits you! The lemure attacks as it pursues you!
The lemure hits you.
Enter note:
4606 ||| Stepping ~*~*~tactically~*~*~ (retreating).
You shoot an arrow. The arrow hits Pikel.
You drain Pikel.
Pikel is heavily wounded.
You shoot an arrow.
The arrow hits Pikel but does no damage.
Pikel is heavily wounded.
Pikel zaps a wand.
The bolt of dispelling energy hits you!
You die...
Pikel says, "Another soul for the market."

#........####.# ######
###.#..#...##.# #.../#
#....###.#..# #.##.### #
##.......).## ##.##.... ..##
###....#..# #..###### ...
##...###.# #.## #
#.####.5.#.###.####.# #
#.....5###.##.....#.# # #....##
#@##.....#.# #
###.##..####.##[....#.# #
........%5.K)......[#.# #
..###........5.##....)..# #
.....^........##.....#.### #
#####..........##.....#)).#####
.......).....#.########.#......
#####........#....#####.##.....
#...............#...##.....


You could see Pikel (drained) and a lemure.

Vanquished Creatures
  An ogre (D:5)
  A centaur (D:6)
  A phantom (D:5)
  2 lemures (D:6)
  Blork the orc (D:4)
  2 gnoll sergeants (D:6)
  A bullfrog (D:6)
  3 scorpions (D:5)
  3 jellies
  4 orc priests
  A hound (D:5)
  3 iguanas (D:5)
  4 orc wizards
  9 adders
  8 gnolls
  A white imp (D:4)
  An ufetubus (D:5)
  A worm (D:4)
  2 dart slugs (D:3)
  31 orcs
  9 ball pythons
  3 endoplasms
  3 giant cockroaches
  6 goblins
  6 hobgoblins
  2 kobolds
  5 quokkas
  9 bats
  4 frilled lizards
  5 rats
132 creatures vanquished.

Notes
Turn   | Place    | Note
-------+----------+-------------------------------------------
     0 | D:1      | qw the Gargoyle Hunter began the quest for the Orb.
     0 | D:1      | Reached XP level 1. HP: 12/12 MP: 1/1
     0 | D:1      | 0 ||| qw: Version: 0.3-a-74-g0d5e918
     0 | D:1      | 0 ||| qw: Game counter: 29
     0 | D:1      | 0 ||| qw: Melee chars always use a shield: true
     0 | D:1      | 0 ||| qw: God list: Okawaru
     0 | D:1      | 0 ||| qw: Allow faded altars: false
     0 | D:1      | 0 ||| qw: Do Orc after clearing Dungeon:15 true
     0 | D:1      | 0 ||| qw: Do second Lair branch before Depths: true
     0 | D:1      | 0 ||| qw: Lair rune preference: random
     0 | D:1      | 0 ||| qw: Goals: Normal
     0 | D:1      | 0 ||| PLANNING D:1-11
   180 | D:1      | Reached XP level 2. HP: 17/17 MP: 2/2
   564 | D:1      | Reached XP level 3. HP: 21/21 MP: 3/3
   823 | D:1      | 823 ||| UPGRADING to +0 ring mail.
   833 | D:1      | 833 ||| DROPPING +0 leather armour.
   834 | D:1      | 834 ||| READING 4 scrolls labelled NAXKAKEW RACOU.
   835 | D:1      | 835 ||| READING 3 scrolls of enchant weapon.
   835 | D:1      | 835 ||| ENCHANTING +1 shortbow.
   836 | D:1      | 836 ||| READING 2 scrolls of enchant weapon.
   836 | D:1      | 836 ||| ENCHANTING +2 shortbow.
   837 | D:1      | 837 ||| READING scroll of enchant weapon.
   837 | D:1      | 837 ||| ENCHANTING +3 shortbow.
   838 | D:1      | 838 ||| DRINKING 2 metallic blue potions.
   839 | D:1      | 839 ||| DROPPING scroll of butterflies.
   885 | D:2      | Reached skill level 1 in Armour
   915 | D:2      | Reached skill level 5 in Ranged Weapons
  1493 | D:2      | Found Gaaneos's Weapon Shoppe.
  1609 | D:2      | 1609 ||| DROPPING +6 ring of intelligence.
  1610 | D:2      | 1610 ||| READING 2 scrolls labelled TUTET XAWK.
  1611 | D:2      | 1611 ||| READING scroll labelled XOFUMN COEVVAA.
  1612 | D:2      | 1612 ||| READING scroll labelled SYKOMENG READUITH.
  1613 | D:2      | 1613 ||| READING scroll labelled EJUOWI COKAKLY.
  1614 | D:2      | 1614 ||| READING scroll labelled UKOHOSE VOVVUEKHUS.
  1617 | D:2      | 1617 ||| READING scroll labelled TAIN IMOEXEGEMP.
  1657 | D:3      | Reached skill level 3 in Fighting
  1657 | D:3      | Reached XP level 4. HP: 28/28 MP: 4/4
  1657 | D:3      | Found a burning altar of Makhleb.
  1699 | D:3      | 1699 ||| RETREATING.
  1700 | D:3      | 1700 ||| FLEEEEING.
  1701 | D:3      | 1701 ||| FLEEEEING.
  1702 | D:3      | 1702 ||| RETREATING.
  1757 | D:3      | 1757 ||| FLEEEEING.
  1779 | D:3      | Noticed a green death
  1818 | D:3      | Reached XP level 5. HP: 32/32 MP: 5/5
  1823 | D:3      | Reached skill level 6 in Ranged Weapons
  2183 | D:3      | Found a faded altar of an unknown god.
  2292 | D:3      | 2292 ||| READING scroll labelled LEAGASHYOSH.
  2293 | D:3      | 2293 ||| READING scroll labelled PIMOONN WOSHENUREK.
  2294 | D:3      | 2294 ||| READING scroll labelled OFRIOC XOBOS EZXU.
  2295 | D:3      | 2295 ||| DRINKING 2 sapphire potions.
  2343 | D:4      | Reached XP level 6. HP: 38/38 MP: 6/6
  2429 | D:4      | Found an iron altar of Okawaru.
  2430 | D:4      | 2430 ||| PLANNING OKAWARU WORSHIP
  2434 | D:4      | Became a worshipper of Warmaster Okawaru
  2435 | D:4      | 2435 ||| PLANNING D:1-11
  2535 | D:4      | Noticed Blork the orc
  2541 | D:4      | Killed Blork the orc
  2865 | D:4      | Found Oggait Seo's General Store.
  2870 | D:4      | 2870 ||| BUYING potion of mutation (104 gold).
  2870 | D:4      | Bought a potion of mutation for 104 gold pieces
  2870 | D:4      | 2870 ||| SHOPLISTING scroll of enchant armour (97 gold,
                  | have 67).
  3174 | D:4      | 3174 ||| UPGRADING to +2 robe of willpower.
  3184 | D:4      | 3184 ||| DROPPING +0 ring mail.
  3185 | D:4      | 3185 ||| UPGRADING to +0 pair of boots.
  3190 | D:4      | 3190 ||| READING scroll labelled ZEDOZE GOCH.
  3191 | D:4      | 3191 ||| READING 2 scrolls of identify.
  3191 | D:4      | 3191 ||| IDENTIFYING yellow potion
  3246 | D:5      | Entered Level 5 of the Dungeon
  3272 | D:5      | 3272 ||| RETREATING.
  3275 | D:5      | Reached skill level 7 in Ranged Weapons
  3275 | D:5      | Reached XP level 7. HP: 43/43 MP: 7/7
  3280 | D:5      | 3280 ||| Stepping ~*~*~tactically~*~*~ (retreating).
  3302 | D:5      | 3302 ||| Stepping ~*~*~tactically~*~*~ (outnumbered).
  3307 | D:5      | 3307 ||| Stepping ~*~*~tactically~*~*~ (retreating).
  3328 | D:5      | 3328 ||| FLEEEEING.
  3329 | D:5      | 3329 ||| FLEEEEING.
  3330 | D:5      | 3330 ||| FLEEEEING.
  3331 | D:5      | 3331 ||| FLEEEEING.
  3334 | D:5      | 3334 ||| FLEEEEING.
  3336 | D:5      | 3336 ||| FLEEEEING.
  3337 | D:5      | 3337 ||| FLEEEEING.
  3338 | D:5      | 3338 ||| FLEEEEING.
  3339 | D:5      | 3339 ||| STAIRDANCE
  3439 | D:5      | 3439 ||| STAIRDANCE
  3453 | D:5      | Reached skill level 8 in Ranged Weapons
  3565 | D:5      | Reached * piety under Okawaru
  3737 | D:5      | 3737 ||| READING scroll of enchant weapon.
  3737 | D:5      | 3737 ||| ENCHANTING +4 shortbow of draining.
  3755 | D:5      | 3755 ||| READING 3 scrolls of identify.
  3755 | D:5      | 3755 ||| IDENTIFYING fuming inky potion
  3756 | D:5      | 3756 ||| READING 2 scrolls of identify.
  3756 | D:5      | 3756 ||| IDENTIFYING clear potion
  3777 | D:6      | 3777 ||| STAIRDANCE
  3782 | D:5      | Reached skill level 1 in Invocations
  3793 | D:6      | 3793 ||| STAIRDANCE
  3796 | D:5      | 3796 ||| INVOKING Heroism.
  3903 | D:6      | 3903 ||| STAIRDANCE
  4004 | D:6      | 4004 ||| STAIRDANCE
  4008 | D:5      | Reached XP level 8. HP: 49/49 MP: 8/8
  4010 | D:6      | 4010 ||| STAIRDANCE
  4016 | D:6      | 4016 ||| STAIRDANCE
  4083 | D:6      | 4083 ||| STAIRDANCE
  4130 | D:6      | 4130 ||| STAIRDANCE
  4195 | D:6      | 4195 ||| INVOKING Heroism.
  4215 | D:6      | Found an ornate altar of the Wu Jian Council.
  4225 | D:6      | Found a broken altar of Ashenzari.
  4243 | D:6      | 4243 ||| Stepping ~*~*~tactically~*~*~ (outnumbered).
  4246 | D:6      | 4246 ||| RETREATING.
  4255 | D:6      | 4255 ||| RETREATING.
  4260 | D:6      | Reached skill level 9 in Ranged Weapons
  4260 | D:6      | Reached skill level 3 in Invocations
  4269 | D:6      | 4269 ||| INVOKING Heroism.
  4426 | D:6      | Noticed Pikel
  4427 | D:6      | 4427 ||| RETREATING.
  4429 | D:6      | 4429 ||| INVOKING Heroism.
  4446 | D:6      | HP: 12/51 [Pikel/bolt of dispelling energy (15)]
  4447 | D:6      | 4447 ||| FLEEEEING.
  4448 | D:6      | 4448 ||| FLEEEEING.
  4449 | D:6      | 4449 ||| FLEEEEING.
  4450 | D:6      | 4450 ||| FLEEEEING.
  4451 | D:6      | 4451 ||| FLEEEEING.
  4452 | D:6      | 4452 ||| FLEEEEING.
  4453 | D:6      | 4453 ||| FLEEEEING.
  4454 | D:6      | 4454 ||| FLEEEEING.
  4455 | D:6      | 4455 ||| FLEEEEING.
  4456 | D:6      | 4456 ||| FLEEEEING.
  4457 | D:6      | 4457 ||| FLEEEEING.
  4459 | D:6      | 4459 ||| STAIRDANCE
  4585 | D:5      | 4585 ||| UPGRADING to amulet of reflection.
  4590 | D:5      | 4590 ||| READING scroll labelled OFRUZX LOIROA.
  4599 | D:6      | 4599 ||| RETREATING.
  4600 | D:6      | 4600 ||| INVOKING Heroism.
  4601 | D:6      | 4601 ||| Stepping ~*~*~tactically~*~*~ (retreating).
  4602 | D:6      | 4602 ||| Stepping ~*~*~tactically~*~*~ (retreating).
  4603 | D:6      | 4603 ||| Stepping ~*~*~tactically~*~*~ (retreating).
  4604 | D:6      | 4604 ||| Stepping ~*~*~tactically~*~*~ (retreating).
  4605 | D:6      | 4605 ||| Stepping ~*~*~tactically~*~*~ (retreating).
  4606 | D:6      | 4606 ||| Stepping ~*~*~tactically~*~*~ (retreating).
  4608 | D:6      | Killed from afar by Pikel

Levels and vault maps discovered:
D:1:      dpeg_arrival_solitude, layout_loops_ring
D:2:      layout_basic, serial_shops, nicolae_shop_peninsula,
          chequers_serial_rivers_room_a
D:3:      cheibrodos_helix_gallery, layout_rooms, makhleb_altar_promises_db,
          nicolae_ecumenical_snake_handling
D:4:      layout_basic, okawaru_trees_1, serial_shops, nicolae_shop_crystal,
          hangedman_decor_clover_reticule, uniq_blork_the_orc
D:5:      layout_rooms, kennysheep_generic_room_10
D:6:      layout_rooms, grunt_temple_overflow_open,
          hellmonk_ghost_happy_afterlife, uniq_pikel

Skill      XL: |  1  2  3  4  5  6  7  8 |
---------------+-------------------------+-----
Armour         | 1 |  1.0
Ranged Weapons | 5 6 7 8 9 |  9.0
Fighting       | 3 4 5 |  5.7
Dodging        | 2 |  2.1
Invocations    | 1 4 |  4.0
Stealth        | |  1.1

Action                     |  1- 3 |  4- 6 |  7- 9 || total
---------------------------+-------+-------+-------++-------
   Fire: Shortbow          |    91 |   130 |   172 ||   393
 Invoke: Heroism           |       |       |     5 ||     5
    Use: Scroll            |    10 |     5 |     4 ||    19
         Potion            |     1 |     1 |       ||     2
 Armour: Leather armour    |     5 |       |       ||     5
         Ring mail         |     5 |    34 |       ||    39
         Robe              |       |     1 |    64 ||    65
  Dodge: Dodged            |    26 |    27 |    82 ||   135
  Block: Other             |       |       |     1 ||     1

Table legend:
 A = Non-vault XP
 B = Vault XP
 C = Vault XP percentage of total XP
 D = Non-vault monster count
 E = Vault monster count
 F = Vault count percentage of total count
                 A         B        C        D         E       F
            +---------+---------+-------+---------+---------+-------
      Total |    1805 |     189 |   9.5 |     123 |       7 |   5.4
            +---------+---------+-------+---------+---------+-------
        D:1 |      37 |       0 |   0.0 |      22 |       0 |   0.0
        D:2 |      44 |       0 |   0.0 |      13 |       0 |   0.0
        D:3 |     189 |       8 |   4.1 |      27 |       5 |  15.6
        D:4 |      89 |      94 |  51.4 |      10 |       1 |   9.1
        D:5 |     851 |      87 |   9.3 |      33 |       1 |   2.9
        D:6 |     595 |       0 |   0.0 |      18 |       0 |   0.0
            +---------+---------+-------+---------+---------+-------
